 Dungeon Crawl Stone Soup version 0.13.0-25-g43d4df3 (webtiles) character file.

296 Kae the Chiller (level 5, -11/38 HPs)
             Began as a Draconian Ice Elementalist on Oct 27, 2013.
             Mangled by an ogre
             ... wielding a +0,+0 giant spiked club
              (29 damage)
             ... on Level 4 of the Dungeon.
             The game lasted 00:05:22 (2910 turns).

Kae the Chiller (Draconian Ice Elementalist)        Turns: 2910, Time: 00:05:22

HP -11/38        AC  6     Str 11      XL: 5   Next: 15%
MP   8/10        EV 11     Int 16      God:
Gold 140         SH  6     Dex 12      Spells:  2 memorised,  5 levels left

Res.Fire  : . . .   See Invis. : .   a - +3,+1 short sword (venom) (curse)
Res.Cold  : . . .   Warding    : .   (armour unavailable)
Life Prot.: . . .   Conserve   : .   n - +0 orc buckler
Res.Poison: .       Res.Corr.  : .   (helmet restricted)
Res.Elec. : .       Clarity    : .   (no cloak)
Sust.Abil.: . .     Spirit.Shd : .   (no gloves)
Res.Mut.  : .       Stasis     : .   r - +0 pair of elf boots
Res.Rott. : .       Flight     : .   (no amulet)
Saprovore : . . .                    d - +4,+4 ring of slaying {unknown}
                                     w - +1 ring of dexterity

@: slightly resistant to hostile enchantments, fairly stealthy
A: unfitting armour, AC +5
a: no special abilities


You were on level 4 of the Dungeon.
You were not hungry.

You visited 1 branch of the dungeon, and saw 4 of its levels.

You collected 120 gold pieces.

Inventory:

Hand weapons
 a - a cursed +3,+1 short sword of venom (weapon)
Missiles
 i - 14 darts
 j - a dart of flame (quivered)
 x - 20 silver darts
Armour
 n - a +0 orcish buckler (worn)
 r - a +0 pair of elven boots (worn)
Magical devices
 o - a wand of polymorph (6)
 u - a wand of random effects (15)
Comestibles
 c - 9 bread rations
 k - 4 meat rations
 m - an orange
 q - an apple
Scrolls
 f - 3 scrolls of identify
 p - a scroll of amnesia
 t - 2 scrolls of enchant weapon I
Jewellery
 d - a +4,+4 ring of slaying (right hand) {unknown}
 s - an uncursed ring of teleportation
 w - a +1 ring of dexterity (left hand)
Potions
 e - 3 potions of heal wounds
 g - a potion of restore abilities {unknown}
 l - a potion of confusion {unknown}
 v - a potion of might {unknown}
 B - a potion of curing {unknown}
Books
 b - a book of Frost

   Spells                             Type                      Level
   *Freeze                            Ice                          1
   *Throw Frost                       Conjuration/Ice              2
   Ozocubu's Armour                   Charms/Ice                   3
   Throw Icicle                       Conjuration/Ice              4
   Summon Ice Beast                   Ice/Summoning                4
   Condensation Shield                Ice                          4
 h - a book of Hinderance

   Spells                             Type                      Level
   Confusing Touch                    Hexes                        1
   Slow                               Hexes                        2
   Confuse                            Hexes                        3
   Petrify                            Transmutation/Earth          4
   Leda's Liquefaction                Hexes/Earth                  4
   Metabolic Englaciation             Hexes/Ice                    6


   Skills:
 - Level 1.7 Dodging
 - Level 1.7 Stealth
 + Level 2.4 Spellcasting
 * Level 2.6 Conjurations
 * Level 4.5 Ice Magic


You had 5 spell levels left.
You knew the following spells:

 Your Spells              Type           Power        Failure   Level  Hunger
a - Freeze                Ice            ###.         4%          1    #......
b - Throw Frost           Conj/Ice       ##....       10%         2    ##.....


Dungeon Overview and Level Annotations

Branches:
Dungeon (4/27)
 Temple: D:4-7

Altars:
Makhleb

Annotations:
D:4 Pikel


Message History

The ogre is lightly wounded.
Casting: Throw Frost
Confirm with . or Enter, or press ? or * to list all spells.
Aiming: Freeze
Press: ? - help, Shift-Dir - straight line, f/p - ogre
Aim: an ogre, wielding a giant spiked club (lightly wounded)
You freeze the ogre.
The ogre is moderately wounded.
The ogre hits you with a giant spiked club!
Ouch! That really hurt!
Casting: Freeze
Confirm with . or Enter, or press ? or * to list all spells.
Aiming: Freeze
Press: ? - help, Shift-Dir - straight line, f/p - ogre
Aim: an ogre, wielding a giant spiked club (moderately wounded)
You freeze the ogre.
The ogre is moderately wounded.
The ogre hits you with a giant spiked club!
Ouch! That really hurt!
You die...

#.##.#......#,≈,≈≈,≈≈,*
**##.##.#.###..#,≈≈,,≈≈≈≈
..........# #..#≈≈≈≈≈≈≈≈≈*
***#.####.###..#*≈≈≈≈≈≈≈**
#.# #......#*≈≈≈≈≈≈≈*
***#.######.##.#**≈≈≈≈≈**
.,,............#*##******
****##########.##.#**** **
** ***** #..@# ,,,,,,,,,>
**,,,**#.##O#* **,****,*
**,,,,,*#.#*.# * * *,*
*,**,,,*#.#*.# *,* *,*
*,*8.,.8#.#*.# *,* ,*
*,*#...##..,.# *,* *,*
***#...##.#*## ,* *,*
##...##.# *,* *,**
#8...8#.* *, *** ,*


You could see an ogre.

Vanquished Creatures
  An orc priest (D:3)
  Ijyb (D:2)
  2 adders
  A worm (D:2)
  4 giant geckos
  4 oozes
  2 orcs (D:3)
  A ball python (D:2)
  8 bats
  3 giant cockroaches
  9 goblins
  6 hobgoblins
  8 jackals
  10 kobolds
  7 giant newts
  A goblin skeleton (D:4)
  7 rats
75 creatures vanquished.

Notes
Turn   | Place    | Note
--------------------------------------------------------------
     0 | D:1      | Kae, the Draconian Ice Elementalist, began the quest for the Orb.
     0 | D:1      | Reached XP level 1. HP: 14/14 MP: 3/3
   177 | D:1      | Reached XP level 2. HP: 17/20 MP: 4/4
   217 | D:1      | Learned a level 2 spell: Throw Frost
   886 | D:2      | Reached XP level 3. HP: 13/26 MP: 4/6
  1197 | D:2      | Noticed Ijyb
  1204 | D:2      | Killed Ijyb
  1204 | D:2      | Reached skill level 4 in Ice Magic
  1257 | D:2      | Reached XP level 4. HP: 29/33 MP: 4/8
  2128 | D:3      | Found a burning altar of Makhleb.
  2271 | D:3      | Reached XP level 5. HP: 28/38 MP: 2/9
  2601 | D:4      | Noticed a slave
  2601 | D:4      | Noticed a slave
  2602 | D:4      | Noticed Pikel
  2603 | D:4      | Noticed a slave
  2603 | D:4      | Noticed a slave
  2906 | D:4      | Noticed an ogre
  2910 | D:4      | Mangled by an ogre

Action                   |  1- 3 |  4- 6 || total
-------------------------+-------+-------++-------
Melee: Short sword       |    65 |    58 ||   123
       Unarmed           |    13 |       ||    13
Throw: Dart              |       |     2 ||     2
 Cast: Freeze            |    10 |    28 ||    38
       Throw Frost       |     1 |     6 ||     7
Evoke: Wand              |       |     1 ||     1
  Use: Scroll            |       |     9 ||     9
 Stab: Sleeping          |     4 |     1 ||     5
       Confused          |     1 |       ||     1
